 Dungeon Crawl Stone Soup version 0.19.0-22-gd96e5fe (webtiles) character file.

86 Gargoyl the Skirmisher (level 4, -1/35 HPs)
             Began as a Demonspawn Abyssal Knight on Nov 19, 2016.
             Was a Believer of Lugonu.
             Killed by divine providence
             ... invoked by an orc priest
              (17 damage)
             ... on level 3 of the Dungeon.
             The game lasted 00:06:03 (2471 turns).

Gargoyl the Skirmisher (Demonspawn Abyssal Knight)  Turns: 2471, Time: 00:06:03

Health: -1/35      AC:  6    Str: 14    XL:     4   Next: 27%
Magic:  6/6        EV:  4    Int: 13    God:    Lugonu [**....]
Gold:   148        SH: 10    Dex: 12    Spells: 0 memorised, 3 levels left

rFire  . . .     SeeInvis .     a - +1 hand axe
rCold  . . .     Gourm    .     e - +0 scale mail
rNeg   . . .     Faith    .     v - +0 large shield
rPois  .         Spirit   .     (no helmet)
rElec  .         Reflect  .     (no cloak)
rCorr  .         Harm     .     (no gloves)
MR     .....                    (no boots)
Stlth  ..........               (no amulet)
                                (no ring)
                                (no ring)

@: no status effects
A: hooves 2
a: Depart the Abyss, Bend Space, Renounce Religion


You were on level 3 of the Dungeon.
You worshipped Lugonu.
Lugonu was pleased with you.
You were not hungry.

You visited 1 branch of the dungeon, and saw 3 of its levels.
You visited the Abyss 1 time.

You collected 148 gold pieces.

Inventory:

Hand Weapons
 a - a +1 hand axe (weapon)
Missiles
 m - 3 tomahawks (quivered)
Armour
 e - a +0 scale mail (worn)
 v - a +0 large shield (worn)
Scrolls
 b - a scroll of noise {unknown}
 d - 4 scrolls of remove curse {unknown}
 g - 3 scrolls of amnesia {unknown}
 h - a scroll of torment {unknown}
 i - a scroll of teleportation {unknown}
 j - 2 scrolls of fog {unknown}
 o - 6 scrolls of identify {unknown}
 s - a scroll of enchant weapon {unknown}
 t - a scroll of enchant armour {unknown}
Potions
 l - a potion of haste {unknown}
 n - a potion of mutation {unknown}
 p - a potion of curing {unknown}
 q - a potion of agility {unknown}
 z - a potion of flight {unknown}
Comestibles
 c - 2 bread rations
 f - 2 meat rations
 k - 2 beef jerkies
 w - a fruit
 x - a chunk of flesh


   Skills:
 + Level 3.4 Fighting
 + Level 2.9 Axes
 * Level 2.4 Armour
 + Level 1.5 Dodging
 - Level 0.2 Stealth
 + Level 2.7 Invocations


You had 3 spell levels left.
You didn't know any spells.

Dungeon Overview and Level Annotations

Branches:
Dungeon (3/15)

Altars:
Gozag
Nemelex Xobeh


Innate Abilities, Weirdness & Mutations

You have hoof-like feet.


Message History

The orc is heavily wounded.
You closely miss the orc. The orc hits you but does no damage.
The orc hits you with a mace.
Unknown command.
You bump into the rock wall.
You feel less invigorated.
You feel less confused. You block the orc's attack.
The orc hits you with a mace. You block the orc priest's attack.
The orc priest calls down the wrath of Beogh upon you.
Beogh smites you!
Unknown command.
You closely miss the orc priest.
You kick the orc priest, but do no damage.
You closely miss the orc priest. You hit the orc. x2
You kill the orc!
Lugonu accepts your kill. The orc hits you with a mace.
The orc priest invokes the aid of Beogh against you.
Beogh smites you!
You die...

#......# ....#
#......# ...$ #
#######......##.....#
#........#+###.......
#.######.#.##..#.....
#.# #.#.##.###...#
#.# #.#.##..#.%...
#.# #.#.o.....# #.#
#.#@o....## #.#
###'#o).....# #.#
#.........#..# #.#
#........###... #.#
#.....#...#..#.. #.#
#....$#.....## . #.#
#..$..##...## #.#
####### #### #.#


You could see 2 orc priests and an orc.

Vanquished Creatures
  3 adders
  A worm (D:2)
  2 dart slugs (D:1)
  2 leopard geckos
  An orc (D:3)
  A giant cockroach (D:1)
  7 goblins
  7 hobgoblins
  3 jackals (D:1)
  3 kobolds
  A quokka (D:2)
  A ball python (D:2)
  9 bats
  2 frilled lizards
  5 rats
48 creatures vanquished.

Notes
Turn   | Place    | Note
-------+----------+-------------------------------------------
     0 | Abyss:1  | Gargoyl the Demonspawn Abyssal Knight began the quest for the Orb.
     0 | Abyss:1  | Reached XP level 1. HP: 18/18 MP: 2/2
    23 | Abyss:2  | Found a corrupted altar of Lugonu.
    34 | Abyss:2  | Found a corrupted altar of Lugonu.
    85 | Abyss:2  | Noticed a crimson imp
   108 | Abyss:3  | Noticed a thrashing horror
   109 | Abyss:3  | Noticed a thrashing horror
   111 | D:1      | Escaped the Abyss
   126 | D:1      | Found an opulent altar of Gozag.
   159 | D:1      | Reached * piety under Lugonu
   180 | D:1      | Reached skill level 1 in Dodging
   279 | D:1      | Gained mutation: You have large cloven feet. [demonic ancestry]
   279 | D:1      | Reached XP level 2. HP: 18/24 MP: 3/3
   652 | D:1      | Gained mutation: You have hoof-like feet. [demonic ancestry]
   652 | D:1      | Reached XP level 3. HP: 20/29 MP: 5/5
  1489 | D:2      | Reached ** piety under Lugonu
  1540 | D:2      | Reached XP level 4. HP: 31/35 MP: 6/6
  2135 | D:2      | Found a sparkling altar of Nemelex Xobeh.
  2471 | D:3      | Killed from afar by an orc priest

Skill      XL: |  1  2 |
---------------+-------+-----
Dodging        | 1 |  1.5
Axes           | 2 |  2.9
Armour         | 2 |  2.4
Fighting       | |  3.4
Stealth        | |  0.2
Invocations    | |  2.7

Action                   |  1- 3 |  4- 6 || total
-------------------------+-------+-------++-------
Melee: Hand axe          |   135 |    30 ||   165
       Kick              |    23 |     6 ||    29
Invok: Depart the Abyss  |     1 |       ||     1
  Use: Potion            |       |     3 ||     3
  Eat: Chunk             |     2 |     3 ||     5
Armor: Scale mail        |    88 |    18 ||   106
Dodge: Dodged            |    77 |    11 ||    88
Block: Large shield      |       |     9 ||     9
